Map: Ulrena

Players

uThermal - Winner!

  • Race: Terran Terran
  • League: Grandmaster

Steisjo

  • Race: Protoss Protoss
  • League: Platinum

Event: DreamHack ZOWIE Open Leipzig

VOD

Have the link to the VOD?

Description

Time

  • Played on: Jan. 22, 2016, 4:07 p.m.
  • Length: 5:40

All games in this series

Show
View Real Time Build Order
Export as new Build Order

uThermal Terran - Winner!

Build Orders: Liberator Opening 

Get SALT Encoding   

  12  0:01  SCV  
  13  0:13  SCV  
  14  0:17  Supply Depot  
  14  0:25  SCV  
  15  0:29  Refinery  
  15  0:39  SCV  
  16  0:45  Barracks  
  16  0:51  SCV  
  17  1:03  SCV  
  18  1:04  Refinery  
  18  1:15  SCV  
  19  1:27  SCV  
  19  1:32  Barracks Reactor  
  20  1:40  Orbital Command  
  20  1:41  Supply Depot  
  20  1:48  Factory  
  20  2:07  SCV  
  21  2:08  Marine  
  21  2:09  Marine  
  23  2:19  SCV  
  24  2:27  Marine  
  24  2:28  Marine  
  26  2:30  Supply Depot  
  26  2:33  Starport  
  26  2:35  Widow Mine  
  28  2:45  Marine x2  
  28  2:50  SCV  
  30  2:58  Supply Depot  
  30  3:03  Marine x2  
  30  3:05  Factory Tech Lab  
  32  3:09  Medivac  
  34  3:18  SCV  
  35  3:21  Marine x2  
  35  3:24  Siege Tank  
  35  3:25  Liberator  
  40  3:34  SCV, Supply Depot  
  41  3:43  Marine  
  41  3:45  Marine  
  46  3:56  Supply Depot  
  46  4:01  Siege Tank  
  49  4:04  Marine  
  49  4:05  Marine  
  51  4:19  Supply Depot  
  51  4:22  Marine  
  51  4:23  Marine  
  53  4:26  Bunker  
  53  4:34  Siege Tank  
  56  4:40  Marine  
  56  4:41  Marine  
  56  4:44  Supply Depot  
  57  4:58  Marine x2  
  61  5:16  Marine x2  
Show
View Real Time Build Order
Export as new Build Order

Steisjo Protoss 

Build Orders: 1 Gate Expand 

Get SALT Encoding   

  12  0:01  Probe (Chrono Boost)  
  13  0:11  Probe (Chrono Boost)  
  14  0:21  Pylon  
  14  0:22  Probe (Chrono Boost)  
  15  0:39  Probe (Chrono Boost), Gateway  
  17  0:50  Probe (Chrono Boost)  
  17  0:51  Assimilator  
  17  1:00  Probe (Chrono Boost)  
  18  1:11  Probe (Chrono Boost)  
  19  1:23  Nexus  
  19  1:32  Cybernetics Core  
  19  1:35  Probe (Chrono Boost)  
  20  1:40  Assimilator  
  20  1:46  Probe (Chrono Boost)  
  21  1:51  Pylon  
  21  1:56  Probe (Chrono Boost)  
  22  2:07  Probe (Chrono Boost)  
  23  2:09  Adept (Chrono Boost)  
  23  2:10  Warp Gate (Chrono Boost)  
  25  2:18  Probe  
  26  2:26  Robotics Facility  
  26  2:30  Probe  
  26  2:35  Adept (Chrono Boost)  
  29  2:37  Probe  
  31  2:49  Probe (Chrono Boost)  
  31  2:50  Mothership Core (Chrono Boost)  
  33  2:58  Probe  
  33  2:59  Adept (Chrono Boost)  
  33  3:05  Pylon  
  36  3:10  Probe x2  
  36  3:11  Observer (Chrono Boost)  
  39  3:22  Probe x2  
  39  3:23  Adept (Chrono Boost)  
  39  3:26  Pylon  
  43  3:34  Probe x2  
  43  3:35  Observer  
  46  3:46  Probe (Chrono Boost)  
  46  3:47  Gateway, Probe (Chrono Boost)  
  48  3:57  Gateway  
  48  3:59  Stargate  
  48  4:00  Probe (Chrono Boost)  
  49  4:04  Probe (Chrono Boost)  
  50  4:12  Probe (Chrono Boost)  
  50  4:14  Probe (Chrono Boost)  
  52  4:20  Immortal (Chrono Boost), Pylon  
  57  4:25  Pylon  
  57  4:28  Pylon  
  56  4:32  Adept  
  58  4:38  Pylon  
  58  4:39  Assimilator  
  58  4:41  Pylon  
  58  4:43  Void Ray (Chrono Boost)  
  62  4:55  Adept x3  
  61  5:14  Probe  
  61  5:15  Adept x3  

Tags
 
Add a new tag
Caveats
  • Supply blocks, unpowered buildings, or Contaminate may cause inaccurate times.
  • Supply counts are checked every 10 seconds.